 Dungeon Crawl Stone Soup version 0.29-a0-834-g1e95ca9f62 (webtiles) character file.

Game seed: 293731751808384101

39 buhh the Insei (level 3, 0/23 HPs)
             Began as an Octopode Transmuter on July 12, 2022.
             Slain by a ball python (3 damage)
             ... on level 2 of the Dungeon.
             The game lasted 00:00:50 (1179 turns).

buhh the Insei (Octopode Transmuter)                Turns: 1179, Time: 00:00:51

Health: 0/23       AC:  1    Str:  9    XL:     3   Next: 47%
Magic:  5/6        EV: 10    Int: 17    God:
Gold:   76         SH:  0    Dex: 12    Spells: 5/6 levels left

rFire   . . .      SeeInvis .     - Unarmed
rCold   . . .      Faith    .   (no shield)
rNeg    . . .      Spirit   .   (helmet currently unavailable)
rPois   .          Reflect  .   (no amulet)
rElec   .          Harm     .   (no ring)
rCorr   .          Rampage  .   (no ring)
Will    .....                   (no ring)
Stlth   +++.......              (no ring)
HPRegen 0.07/turn               (no ring)
MPRegen 0.10/turn               (no ring)
                                (no ring)
                                (no ring)

@: appendages, constricted
A: tentacle spike 3, almost no armour, amphibious, 8 rings, camouflage 1,
gelatinous body 1, (nimble swimmer 1), tentacles
a: End Transformation


You were on level 2 of the Dungeon.
One of your tentacles had grown a beastly spike.
You visited 1 branch of the dungeon, and saw 2 of its levels.

You collected 76 gold pieces.

Inventory:

Missiles
 a - 5 poisoned darts
Magical Staves
 g - a staff of death
Scrolls
 b - a scroll of blinking {unknown}
 d - 2 scrolls of identify {unknown}
 e - a scroll of teleportation {unknown}
Potions
 c - a potion of degeneration {unknown}
 f - a potion of cancellation {unknown}
 n - a potion of lignification {!d}


   Skills:
 + Level 1.6 Fighting
 + Level 2.4 Dodging
 - Level 2.0 Stealth
 + Level 3.3 Unarmed Combat
 - Level 2.0 Spellcasting
 - Level 2.0 Transmutations
 - Level 1.0 Poison Magic


You had 5 spell levels left.
You knew the following spells:

 Your Spells              Type           Power      Damage    Failure   Level
a - Beastly Appendage     Tmut           16%        N/A       9%          1

Your spell library contained the following spells:

 Spells                   Type           Power      Damage    Failure   Level
 Wereblood                Tmut           8%         N/A       13%         2
 Summon Small Mammal      Summ           4%         N/A       19%         1
 Spider Form              Tmut/Pois      6%         N/A       30%         3
 Call Canine Familiar     Summ           1%         N/A       50%         3
 Summon Guardian Golem    Hex/Summ       1%         N/A       50%         3
 Ice Form                 Ice/Tmut       5%         N/A       77%         4


Dungeon Overview and Level Annotations

Branches:
Dungeon (2/15) Zot: 10824

Altars:


Innate Abilities, Weirdness & Mutations

One of your tentacles has grown a beastly spike.
You cannot wear most types of armour.
You are amphibious.
You can wear up to eight rings at the same time.
Your skin changes colour to match your surroundings (Stealth+).
Your rubbery body absorbs attacks. (AC +1, EV +1)
((You are camouflaged when in or above water. (Stealth+)))
You have tentacles for arms and can constrict up to eight enemies at once.


Message History

A ball python comes into view.
The kobold throws a stone.
The stone hits you.
A ball python comes into view.
The kobold throws a stone.
The stone hits you.
Found an escape hatch in the floor.
The ball python hisses angrily.
You tentacle-slap the kobold but do no damage.
Your grab misses the kobold.
Your tentacle spike misses the kobold.
The kobold barely misses you.
You closely miss the ball python. Your grab misses the ball python.
The ball python bites you. The ball python closely misses you.
The kobold hits you with a +0 short sword.
You closely miss the ball python. You grab the ball python.
You pierce the ball python.
You squeeze the ball python.
You kill the ball python!
The kobold hits you with a +0 short sword.
You are too injured to fight recklessly!
You are too injured to fight recklessly!
You are too injured to fight recklessly!
You are too injured to fight recklessly!
You are too injured to fight recklessly!
You are too injured to fight recklessly!
You are too injured to fight recklessly!
You are too injured to fight recklessly!
You are too injured to fight recklessly!
You are too injured to fight recklessly!
You are too injured to fight recklessly!
You are too injured to fight recklessly!
You are too injured to fight recklessly!
There are monsters nearby!
You barely miss the kobold. Your grab misses the kobold.
Your tentacle spike misses the kobold.
The kobold hits you but does no damage. The ball python completely misses you.
The ball python grabs you. The ball python constricts you.
You tentacle-slap the ball python. Your grab misses the ball python.
The ball python is heavily wounded.
The kobold hits you with a +0 short sword.
* * * LOW HITPOINT WARNING * * *
The ball python bites you.
You die...

##≈.≈###≈.≈ #≈.≈# ≈.≈
#≈.........
##≈.≈###≈.≈###≈.........
≈≈≈.≈≈≈≈≈.≈≈≈≈≈.........
.......................>
≈≈≈.≈≈≈≈≈.≈≈≈≈≈......?..
##≈.≈###≈.≈# #≈(........
#≈.≈# #≈.≈# #≈.S†......
##≈.≈###≈.≈###≈.@K......
≈≈≈.≈≈≈≈≈.≈≈≈≈≈.........
....).†.................
≈≈≈.≈≈≈≈≈.≈≈≈≈≈..#######
##≈.≈###≈.≈###≈.## #≈.≈#
#≈.≈# #≈.# #≈.≈# #≈.≈#
#≈.# ≈≈≈.≈≈≈≈≈.≈≈≈≈≈.#
.................


You could see a ball python and a kobold.

Vanquished Creatures
  A worm (D:2)
  A dart slug (D:1)
  6 ball pythons
  4 bats
  5 endoplasms
  A giant cockroach (D:1)
  4 goblins
  2 hobgoblins (D:1)
  3 quokkas (D:1)
  A frilled lizard (D:1)
  2 rats (D:1)
30 creatures vanquished.

Notes
Turn   | Place    | Note
-------+----------+-------------------------------------------
     0 | D:1      | buhh the Octopode Transmuter began the quest for the Orb.
     0 | D:1      | Reached XP level 1. HP: 13/13 MP: 3/3
   111 | D:1      | Reached skill level 1 in Stealth
   111 | D:1      | Reached XP level 2. HP: 13/18 MP: 3/5
   276 | D:1      | Reached skill level 1 in Poison Magic
   826 | D:1      | Reached XP level 3. HP: 18/23 MP: 4/6
  1179 | D:2      | Slain by a ball python

Illustrated notes

Levels and vault maps discovered:
D:1:      minmay_arrival_shattered_statue, layout_basic, due_unseen_surprise
D:2:      layout_basic, minmay_strange_pillars, grunt_ministairs_2,
          kennysheep_boxes, uniq_jessica

Skill      XL: |  1  2 |
---------------+-------+-----
Stealth        | 1 2 |  2.0
Poison Magic   | 1 |  1.0
Fighting       | |  1.6
Dodging        | |  2.4
Unarmed Combat | |  3.3
Spellcasting   | |  2.0
Transmutations | |  2.0

Action                   || total
-------------------------++-------
Melee: Unarmed           ||    57
       Constrict         ||    12
       Tentacles         ||    11
       Kick              ||    18
       Punch             ||     2
 Cast: Beastly Appendage ||    23
 Stab: Sleeping          ||     6
Armor: Skin              ||     5
Dodge: Dodged            ||    43

Table legend: (Time is in decaauts)
 A = Elapsed time spent in this place.
 B = Non-inter-level travel time spent in this place.
 C = Inter-level travel time spent in this place.
 D = Time resting spent in this place.
 E = Time spent auto-exploring this place.
 F = Levels seen in this place.
 G = Mean time per level.
                   A        B        C        D        E       F      G
               +--------+--------+--------+--------+--------+-----+--------+
         Total |   1175 |   1167 |      8 |      0 |    970 |   2 |  587.5 |
       Dungeon |   1175 |   1167 |      8 |      0 |    970 |   2 |  587.5 |
               +--------+--------+--------+--------+--------+-----+--------+

Top non-repeatable levels by time:
     D:1: 941 daAuts
     D:2: 234 daAuts
